 Dungeon Crawl Stone Soup version 0.26-a0-667-g92642533e4 (webtiles) character file.

Game seed: 6839408241162141099

1159 Notrik the Fighter (level 8, 0/79 HPs)
             Began as a Minotaur Berserker on Oct 18, 2020.
             Was an Elder of Trog.
             Slain by an orc warrior
             ... wielding a +1 long sword of electrocution
              (18 damage)
             ... on level 6 of the Dungeon.
             The game lasted 00:09:57 (5507 turns).

Notrik the Fighter (Minotaur Berserker)             Turns: 5507, Time: 00:09:57

Health: 0/79       AC:  6    Str: 23    XL:     8   Next: 16%
Magic:  7/7        EV:  6    Int:  4    God:    Trog [****..]
Gold:   409        SH: 13    Dex: 11    Spells: 7/7 levels left

rFire    . . .     SeeInvis .   a - +0 falchion
rCold    . . .     Faith    .   w - +0 tower shield
rNeg     . . .     Spirit   .   e - +0 scale mail
rPois    .         Reflect  .   (helmet restricted)
rElec    .         Harm     .   (no cloak)
rCorr    .         Rampage  .   (no gloves)
MR       .....                  (no boots)
Stlth    ..........             (no amulet)
HPRegen  0.23/turn              (no ring)
MPRegen  0.10/turn              (no ring)

@: no status effects
A: retaliatory headbutt, horns 2
a: Berserk, Trog's Hand, Brothers in Arms, Renounce Religion


You were on level 6 of the Dungeon.
You worshipped Trog.
Trog was greatly pleased with you.
You visited 2 branches of the dungeon, and saw 7 of its levels.

You collected 409 gold pieces.

Inventory:

Hand Weapons
 a - a +0 falchion (weapon)
Missiles
 j - 2 throwing nets (quivered) {!f}
Armour
 e - a +0 scale mail (worn)
   (You found it on level 1 of the Dungeon)
 w - a +0 tower shield (worn)
   (You found it on level 5 of the Dungeon)
Jewellery
 b - an uncursed ring of protection from fire {unknown}
   (You found it on level 1 of the Dungeon)
 n - an uncursed ring of fire {unknown}
   (You found it on level 4 of the Dungeon)
Wands
 d - a wand of iceblast (8)
   (You found it on level 5 of the Dungeon)
 t - a wand of flame (8)
   (You found it on level 3 of the Dungeon)
Scrolls
 c - a scroll of teleportation {unknown}
 f - 2 scrolls of remove curse {unknown}
 g - a scroll of blinking {unknown}
 m - a scroll of noise {unknown}
 o - 2 scrolls of fog {unknown}
 q - a scroll of magic mapping {unknown}
 u - a scroll of enchant armour {unknown}
 y - a scroll of acquirement {unknown}
Potions
 h - a potion of stabbing {unknown}
 i - a potion of ambrosia
 k - a potion of resistance
 l - 3 potions of lignification {!q}
 p - 2 potions of berserk rage
 r - a potion of flight
 s - a potion of mutation {!q}
 v - a potion of heal wounds {unknown}
 x - 3 potions of curing {@q1}
 z - a potion of might {unknown}


   Skills:
 * Level 9.9 Fighting
 + Level 7.4 Long Blades
 + Level 3.0 Armour
 - Level 2.1 Dodging
 + Level 1.4 Shields


You had 7 spell levels left.
You didn't know any spells.
Your spell library was empty.

Dungeon Overview and Level Annotations

Branches:
Dungeon (6/15)             Temple (1/1) D:4

Altars:
Ashenzari
Cheibriados
Dithmenos
Elyvilon
Fedhas
Gozag
Hepliaklqana
Kikubaaqudgha
Makhleb
Nemelex Xobeh
Okawaru
Qazlal
Ru
Sif Muna
Trog
Uskayaw
Vehumet
Wu Jian
Xom
Yredelemnul
Zin
The Shining One

Annotations:
D:5 3 runed translucent doors, fritzmikael's ghost, novice BaHu
D:6 Prince Ribbit


Innate Abilities, Weirdness & Mutations

You reflexively headbutt those who attack you in melee.
You have a pair of horns on your head.


Message History

Prince Ribbit hits you!
* * * LOW HITPOINT WARNING * * *
You hit Prince Ribbit.
Prince Ribbit disappears!
The white imp gestures at you. You block the puff of frost.
You block the white imp's attack.
You hit the white imp. The white imp gestures at you.
The puff of frost hits you.
* * * LOW HITPOINT WARNING * * *
You slash the white imp! Your headbutt misses the white imp.
The white imp hits you but does no damage.
You hit the white imp.
You kill the white imp!
Trog accepts your kill.
Things that are here:
a +0 dagger; a +0 robe; an orc corpse You start resting.
Prince Ribbit is nearby!
Prince Ribbit mumbles some strange words.
Prince Ribbit looks slightly unstable.
Prince Ribbit catches a centipede with his tongue.
Prince Ribbit blinks!
There is a stone staircase leading up here.
Prince Ribbit blinks!
Prince Ribbit disappears!
You start resting.
An orc warrior is nearby!
You block the orc warrior's attack.
You hit the orc warrior.
The orc warrior hits you with a +1 long sword of electrocution.
* * * LOW HITPOINT WARNING * * *
You barely miss the orc warrior. You headbutt the orc warrior!
The orc warrior hits you with a +1 long sword of electrocution!
* * * LOW HITPOINT WARNING * * *
You hit the orc warrior but do no damage.
You block the orc warrior's attack.
You barely miss the orc warrior. You headbutt the orc warrior.
Your shield prevents you from hitting the orc warrior.
You block the orc warrior's attack.
Unknown command.
You closely miss the orc warrior. Your headbutt misses the orc warrior.
You block the orc warrior's attack.
You hit the orc warrior but do no damage.
The orc warrior hits you with a +1 long sword of electrocution!
* * * LOW HITPOINT WARNING * * *
You barely miss the orc warrior. You block the orc warrior's attack.
You hit the orc warrior but do no damage.
The orc warrior hits you with a +1 long sword of electrocution!!
You die...

#... .....# . #.#.
#..#.# ..#.[.##.##.#
.........##.####
.......).......#
#....§......##.#
##.##.......<#
#.##o≈≈≈.##.######.#
..≈≈≈≈≈≈.##....@o..#
≈≈≈≈≈≈≈≈.#########.#
≈≈≈≈≈≈≈≈.##........#
≈≈≈≈...##†########
...............#
#.#.#.##.######.#
..# #.#†††...# #.#
#.##.##### #.#
#.##.#


You could see an orc warrior.

Vanquished Creatures
  Duvessa (D:4)
  2 ice beasts (D:5)
  An ogre (D:4)
  A water moccasin zombie (D:3)
  Dowan (D:4)
  A centaur zombie (D:6)
  3 centaur skeletons
  A jelly (D:6)
  3 orc priests
  Natasha (thrice) (D:4)
  3 orc wizards
  A hound zombie (D:3)
  A hound skeleton (D:5)
  4 gnolls
  5 adders
  2 white imps (D:6)
  An ufetubus (D:5)
  An ooze (D:4)
  2 adder zombies (D:3)
  2 adder skeletons
  5 worms
  3 dart slugs
  3 leopard geckos
  11 orcs
  A ball python (D:2)
  7 bats
  3 giant cockroaches
  11 hobgoblins
  3 jackals (D:6)
  6 quokkas
  5 frilled lizards
  A giant cockroach zombie (D:2)
  13 goblins
  8 kobolds
  A leopard gecko skeleton (D:5)
  2 quokka skeletons
  A quokka zombie (D:3)
  9 rats
132 creatures vanquished.

Vanquished Creatures (others)
  2 fungi (D:2)
  2 withered plants (D:3)
4 creatures vanquished.

Grand Total: 136 creatures vanquished

Notes
Turn   | Place    | Note
-------+----------+-------------------------------------------
     0 | D:1      | Notrik the Minotaur Berserker began the quest for the Orb.
     0 | D:1      | Reached XP level 1. HP: 19/19 MP: 0/0
   102 | D:1      | Reached skill level 4 in Fighting
   110 | D:1      | Reached XP level 2. HP: 21/27 MP: 1/1
   370 | D:1      | Reached ** piety under Trog
   372 | D:1      | Reached XP level 3. HP: 33/34 MP: 2/2
   837 | D:2      | Found a blossoming altar of Fedhas.
   892 | D:2      | Reached skill level 5 in Fighting
  1346 | D:2      | Reached XP level 4. HP: 33/42 MP: 3/3
  1922 | D:3      | Reached skill level 6 in Fighting
  1927 | D:3      | Reached skill level 5 in Long Blades
  1927 | D:3      | Reached XP level 5. HP: 43/51 MP: 4/4
  1934 | D:3      | Reached *** piety under Trog
  2052 | D:3      | Reached skill level 7 in Fighting
  2149 | D:3      | Reached XP level 6. HP: 59/60 MP: 5/5
  2879 | D:4      | Reached skill level 8 in Fighting
  2902 | D:4      | Found a staircase to the Ecumenical Temple.
  2926 | D:4      | Reached XP level 7. HP: 35/68 MP: 6/6
  2934 | Temple   | Entered the Ecumenical Temple
  3374 | D:4      | Noticed Duvessa
  3377 | D:4      | Noticed Dowan
  3390 | D:4      | Killed Duvessa
  3401 | D:4      | Killed Dowan
  3953 | D:4      | Noticed Natasha
  3959 | D:4      | Killed Natasha
  3959 | D:4      | Reached **** piety under Trog
  3962 | D:4      | Noticed Natasha
  3970 | D:4      | Killed Natasha
  3970 | D:4      | Reached skill level 9 in Fighting
  4024 | D:4      | Noticed Natasha
  4029 | D:4      | Killed Natasha
  4277 | D:5      | Entered Level 5 of the Dungeon
  4788 | D:5      | Reached XP level 8. HP: 65/79 MP: 7/7
  4933 | D:5      | Found an iron altar of Okawaru.
  4964 | D:5      | Found a runed translucent gate.
  4964 | D:5      | Found a runed translucent gate.
  4964 | D:5      | Found a runed translucent gate.
  4965 | D:5      | Noticed fritzmikael's ghost (novice BaHu)
  5337 | D:6      | Reached skill level 1 in Shields
  5431 | D:6      | Noticed Prince Ribbit
  5445 | D:6      | Found an ornate altar of the Wu Jian Council.
  5507 | D:6      | Slain by an orc warrior

Illustrated notes

Levels and vault maps discovered:
D:1:      dpeg_arrival_water_temple_mockup, layout_basic
D:2:      layout_loops_corners, fedhas_altar_3
D:3:      wad_river_or_something, layout_basic, serial_undead, serial_undead_e,
          serial_undead_f, serial_undead_e, serial_undead_a, serial_undead_f,
          serial_undead_e, nrook_mini_vaults
D:4:      layout_rooms, minmay_temple_entry_drinking_statues,
          minmay_misc_feat_rows, uniq_natasha, uniq_duvessa
D:5:      layout_basic, overflow_temple_1_default, gammafunk_ghost_nasty_kobolds
D:6:      wander_river, layout_basic, basic_altar, uniq_prince_ribbit1
Temple:   nicolae_temple_the_god_donut

Skill      XL: |  1  2  3  4  5  6  7  8 |
---------------+-------------------------+-----
Fighting       | 4 5 6 7 8 9 |  9.9
Long Blades    | 4 5 6 7 |  7.4
Shields        | 1 |  1.4
Armour         | 3 |  3.0
Dodging        | |  2.1

Action                   |  1- 3 |  4- 6 |  7- 9 || total
-------------------------+-------+-------+-------++-------
Melee: Falchion          |    71 |   145 |   122 ||   338
       Headbutt          |     8 |    31 |    29 ||    68
Invok: Berserk           |       |     1 |     1 ||     2
       Trog's Hand       |       |     1 |       ||     1
  Use: Potion            |       |       |     1 ||     1
       Scroll            |       |       |     6 ||     6
Armor: Animal skin       |     2 |       |       ||     2
       Scale mail        |    26 |    61 |    34 ||   121
Dodge: Dodged            |    55 |    55 |    40 ||   150
Block: Tower shield      |       |       |    40 ||    40
       Rpst.: Falchion   |     8 |    20 |     9 ||    37

Table legend: (Time is in decaauts)
 A = Elapsed time spent in this place.
 B = Non-inter-level travel time spent in this place.
 C = Inter-level travel time spent in this place.
 D = Time resting spent in this place.
 E = Time spent auto-exploring this place.
 F = Levels seen in this place.
 G = Mean time per level.
                   A        B        C        D        E       F      G
               +--------+--------+--------+--------+--------+-----+--------+
         Total |   5540 |   5354 |    186 |    434 |   4027 |   7 |  791.4 |
       Dungeon |   5142 |   4970 |    172 |    434 |   3645 |   6 |  857.0 |
        Temple |    397 |    383 |     14 |      0 |    382 |   1 |  397.0 |
               +--------+--------+--------+--------+--------+-----+--------+

Top non-repeatable levels by time:
     D:3: 1154 daAuts
     D:4: 1093 daAuts
     D:5: 1021 daAuts
     D:2: 912 daAuts
     D:1: 746 daAuts
  Temple: 397 daAuts
     D:6: 213 daAuts
